 Dungeon Crawl Stone Soup version 0.23-a0-612-gcb482e9 (console) character file.

77 Duffy the Magician (level 4, 0/36 HPs)
             Began as a Naga Wizard on Dec 21, 2018.
             Slain by a hound (1 damage)
             ... on level 4 of the Dungeon.
             The game lasted 00:02:20 (2015 turns).

Duffy the Magician (Naga Wizard)                    Turns: 2015, Time: 00:02:21

Health: 0/36       AC:  5    Str: 10    XL:     4   Next: 34%
Magic:  9/9        EV: 10    Int: 19    God:
Gold:   73         SH:  0    Dex:  9    Spells: 1/10 levels left

rFire    + . .     SeeInvis +   e - +0 dagger
rCold    . . .     Gourm    .   (no shield)
rNeg     + . .     Faith    .   a - +0 robe
rPois    +         Spirit   .   f - +0 helmet
rElec    .         Reflect  .   (no cloak)
rCorr    .         Harm     +   h - +1 pair of gloves
MR       .....                  (no barding)
Stlth    ++........             j - amulet of harm
HPRegen  0.12/turn              l - ring of protection from fire
MPRegen  0.11/turn              r - ring of positive energy

@: very slow
A: large, see invisible, deformed body, poison resistance, slowness 2, slow
metabolism 1, spit poison 1, AC +1
a: Spit Poison


You were on level 4 of the Dungeon.
You were not hungry.

You visited 1 branch of the dungeon, and saw 4 of its levels.

You collected 73 gold pieces.

Inventory:

Hand Weapons
 e - a +0 dagger (weapon)
Armour
 a - a +0 robe (worn)
 f - a +0 helmet (worn)
 h - a +1 pair of gloves (worn)
Jewellery
 j - an amulet of harm (around neck)
 l - a ring of protection from fire (left hand)
 r - a ring of positive energy (right hand)
Scrolls
 b - 5 scrolls of teleportation
 g - 3 scrolls of remove curse
 p - a scroll of blinking {unknown}
 q - a scroll of amnesia {unknown}
Potions
 i - a potion of brilliance {unknown}
 k - a potion of invisibility {unknown}
 m - a potion of heal wounds {unknown}
 n - 2 potions of might {unknown}
Comestibles
 d - 4 rations


   Skills:
 - Level 1.5 Dodging
 - Level 3.0 Stealth
 + Level 3.9 Spellcasting
 + Level 2.9 Conjurations
 - Level 1.0 Summonings
   Level 1.0 Translocations


You had one spell level left.
You knew the following spells:

 Your Spells              Type           Power        Failure   Level  Hunger
h - Magic Dart            Conj           ##..         4%          1    None
i - Call Imp              Summ           #.......     14%         2    ##.....
l - Conjure Flame         Conj/Fire      #.......     22%         3    ###....
o - Mephitic Cloud        Conj/Pois/Air  #.......     28%         3    ###....

Your spell library contained the following spells:

 Spells                   Type           Power        Failure   Level  Hunger
 Blink                    Tloc           N/A          14%         2    ##.....
 Slow                     Hex            #.......     22%         2    ##.....


Dungeon Overview and Level Annotations

Branches:
Dungeon (4/15)
 Temple: D:4-7

Altars:


Innate Abilities, Weirdness & Mutations

You cannot wear boots.
Your serpentine skin is tough. (AC +1)
You have supernaturally acute eyesight. (SInv)
Armour fits poorly on your strangely shaped body.
Your system is resistant to poisons. (rPois)
You cover ground very slowly.
You have a slow metabolism.
You can spit poison.


Message History

The hound bites you.
You closely miss the hound.
The hound is heavily wounded.
The hound bites you but does no damage.
The howler monkey hits you but does no damage.
You hit the hound.
The hound is heavily wounded.
The hound misses you. The howler monkey hits you. The hound barely misses you.
You hit the hound but do no damage.
The hound is heavily wounded.
The howler monkey closely misses you. The hound barely misses you.
The howler monkey hits you.
You barely miss the hound.
The hound is heavily wounded.
The hound bites you but does no damage. The howler monkey misses you.
The hound bites you.
You closely miss the hound.
The hound is heavily wounded.
The hound bites you.
You die...

*,,**,,,,,,* *,,,
####++####,,,,* *,,,
#........#,,,,* *,,,
#........#**********,,,
#..8..8..#,,,,,,,,,,,,,
#...(..!.#************,
#...(....#,,,,,,,,* *,
#..8hh8..#*******,* *,
#....@...#,,,,,,*+****,
#..!.....#*****,,,,,,,,
####''##### *,,,,,,,,
#.......# *,,,,,,,,
###.###.# *,,,,,,,,
#.#<#,* *,,,,,,,,
#.#.#,* *,,,,,,,,
#.#(#,* *,,,,,,,,
#.#>#,* *,,,,,,,,


You could see a howler monkey and a hound.

Vanquished Creatures
  3 adders (D:2)
  A worm (D:3)
  3 dart slugs
  2 leopard geckos (D:1)
  An orc (D:3)
  A ball python (D:2)
  3 giant cockroaches
  6 goblins
  2 hobgoblins
  3 jackals (D:1)
  2 kobolds
  5 bats
  3 frilled lizards
  3 rats
38 creatures vanquished.

Notes
Turn   | Place    | Note
-------+----------+-------------------------------------------
     0 | D:1      | Duffy the Naga Wizard began the quest for the Orb.
     0 | D:1      | Reached XP level 1. HP: 15/15 MP: 4/4
   112 | D:1      | Reached XP level 2. HP: 13/22 MP: 0/6
   483 | D:1      | Learned a level 2 spell: Call Imp
   920 | D:1      | Reached XP level 3. HP: 26/28 MP: 2/7
  1331 | D:1      | Learned a level 3 spell: Conjure Flame
  1335 | D:1      | Learned a level 3 spell: Mephitic Cloud
  1538 | D:2      | Reached XP level 4. HP: 36/36 MP: 6/9
  2014 | D:4      | HP: 1/36 [hound (1)]
  2015 | D:4      | Slain by a hound

Vault maps used:
D:1:      dpeg_arrival_arbitrary_b
D:2:      uniq_crazy_yiuf_cottage, uniq_robin
D:3:      tso_metal_star, lemuel_crystal_altar
D:4:      okawaru_trees_2, first_ration, portal_sewer_entry_b,
          kennysheep_generic_room_5

Skill      XL: |  1  2 |
---------------+-------+-----
Conjurations   | 2 |  2.9
Dodging        | |  1.5
Stealth        | |  3.0
Spellcasting   | |  3.9
Summonings     | |  1.0
Translocations | |  1.0

Action                   |  1- 3 |  4- 6 || total
-------------------------+-------+-------++-------
Melee: Dagger            |    15 |    22 ||    37
 Cast: Magic Dart        |    62 |    26 ||    88
 Abil: Spit Poison       |     5 |     1 ||     6
  Use: Scroll            |     3 |     1 ||     4
  Eat: Chunk             |       |     2 ||     2
Armor: Robe              |    13 |    13 ||    26
Dodge: Dodged            |    18 |    26 ||    44

Table legend:
 A = Non-vault XP
 B = Vault XP
 C = Vault XP percentage of total XP
 D = Non-vault monster count
 E = Vault monster count
 F = Vault count percentage of total count
                 A         B        C        D         E       F
            +---------+---------+-------+---------+---------+-------
      Total |     111 |       0 |   0.0 |      38 |       0 |   0.0
            +---------+---------+-------+---------+---------+-------
        D:1 |      41 |       0 |   0.0 |      21 |       0 |   0.0
        D:2 |      50 |       0 |   0.0 |       7 |       0 |   0.0
        D:3 |      20 |       0 |   0.0 |      10 |       0 |   0.0
            +---------+---------+-------+---------+---------+-------
